 Dungeon Crawl Stone Soup version 0.20.0-1-g1cb1d84 (webtiles) character file.

1652 coolio the Covered (level 8, 0/64 HPs)
             Began as a Demonspawn Fighter on May 27, 2017.
             Was a Follower of Makhleb.
             Killed by nerve-wracking pain
             ... invoked by an orc priest
              (6 damage)
             ... on level 6 of the Dungeon.
             The game lasted 00:08:47 (6687 turns).

coolio the Covered (Demonspawn Fighter)             Turns: 6687, Time: 00:08:48

Health: 0/64       AC: 18    Str: 19    XL:     8   Next: 68%
Magic:  11/11      EV: 14    Int: 10    God:    Makhleb [*.....]
Gold:   337        SH:  0    Dex: 17    Spells: 7/7 levels left

rFire    . . .     SeeInvis .   A - +0 broad axe
rCold    . . .     Gourm    .   (no shield)
rNeg     . . .     Faith    .   b - +0 scale mail
rPois    .         Spirit   .   (helmet restricted)
rElec    .         Reflect  .   o - +1 cloak
rCorr    +         Harm     .   u - +1 pair of gloves
MR       .....                  (no boots)
Stlth    +.........             (no amulet)
Regen    0.2/turn               t - ring of resist corrosion
MPRegen  0.2/turn               (no ring)

@: agile, sanguine armour, hasted, very quick
A: antennae 1, demonic guardian 1, rot immunity, sanguine armour 1
a: Renounce Religion


You were on level 6 of the Dungeon.
You worshipped Makhleb.
Makhleb was aware of your devotion.
You were very hungry.

You visited 1 branch of the dungeon, and saw 6 of its levels.

You collected 337 gold pieces.

Inventory:

Hand Weapons
 a - a +1 war axe
 A - a +0 broad axe (weapon)
Armour
 b - a +0 scale mail (worn)
 o - a +1 cloak (worn)
 u - a +1 pair of gloves (worn)
Jewellery
 t - a ring of resist corrosion (left hand)
Wands
 v - a wand of digging (19/24)
Scrolls
 l - a scroll of amnesia
 m - a scroll of recharging
 q - a scroll of enchant weapon
 x - a scroll of identify
Potions
 c - 3 potions of resistance
 d - a potion of might
 e - 2 potions of flight
 g - a potion of agility
 h - 2 potions of mutation {unknown}
 i - a potion of brilliance {unknown}
 k - a potion of degeneration {unknown}
 n - 4 potions of haste
 p - a potion of heal wounds {unknown}
 r - a potion of curing {unknown}
 w - a potion of ambrosia {unknown}
Comestibles
 f - 4 bread rations
 j - a royal jelly


   Skills:
 + Level 5.8 Fighting
 * Level 6.1 Axes
 * Level 6.5 Armour
   Level 2.6 Shields
 + Level 4.7 Invocations


You had 7 spell levels left.
You didn't know any spells.

Dungeon Overview and Level Annotations

Branches:
Dungeon (6/15)             Temple (0/1) D:6

Altars:
Elyvilon
Kikubaaqudgha
Makhleb
Nemelex Xobeh
Ru
Uskayaw
Vehumet


Innate Abilities, Weirdness & Mutations

You have a pair of small antennae on your head.
A weak demonic guardian rushes to your aid.
You are immune to rotting.
When seriously injured, your bleeding wounds create armour. (AC +6)


Message History

Your quasit barely misses the orc warrior.
Your quasit misses the orc warrior.
Your quasit claws the orc warrior but does no damage.
The orc warrior hits you with a long sword!
* * * LOW HITPOINT WARNING * * *
Your quasit bites the orc warrior but does no damage.
Your quasit claws the orc warrior.
The orc warrior dies!
Makhleb accepts your kill.
Your Axes skill increases to level 6!
Your quasit disappears in a puff of smoke!
The orc priest calls down the wrath of Beogh upon you.
Beogh smites you!
* * * LOW HITPOINT WARNING * * *
You feel yourself speed up.
It was a potion of agility.
You feel agile all of a sudden.
The orc priest calls down the wrath of Beogh upon you.
Pain shoots through your body!
You die...

....#..)........+..._..._.##
###.####.###..###.........# #
#.####.# #..# #.###...### #
#.....)# ##.###.# #####
#############..##.#
................#.#
....####........#.#
.##.####......o.#.#############
..#.#.).=.......@.............#
#.#.#.#.........#)###########.#
....#.#)..............###.....#
#.....#........#........#.#####
#######)#'.....#...##.#.#.#
####....#'.....##.....#.#.#
.#########.....##.#####.#.#
§§## ####'###.# #...#.# .§##
#.###.# #.#.#.#


You could see an orc priest.

Vanquished Creatures
  2 orc warriors (D:6)
  A necrophage (D:5)
  A black bear (D:6)
  2 ogres
  A scorpion (D:6)
  A crimson imp (D:5)
  A howler monkey (D:5)
  A hound (D:4)
  A centaur skeleton (D:5)
  A jelly (D:5)
  3 orc priests
  3 iguanas
  2 orc wizards (D:6)
  8 worker ants
  9 gnolls
  6 adders
  An ooze (D:1)
  2 adder skeletons
  3 worms
  2 dart slugs (D:2)
  4 leopard geckos
  18 orcs
  10 bats
  4 giant cockroaches
  6 goblins
  8 hobgoblins
  7 jackals
  8 kobolds
  A quokka (D:4)
  A ball python (D:1)
  A ball python skeleton (D:4)
  7 frilled lizards
  A jackal skeleton (D:4)
  A leopard gecko skeleton (D:4)
  A rat (D:3)
129 creatures vanquished.

Vanquished Creatures (collateral kills)
  An orc warrior (D:6)
  A sky beast (D:5)
  An ogre (D:4)
  A howler monkey (D:4)
  A hound (D:4)
  An orc priest (D:6)
  An orc wizard (D:3)
  A gnoll (D:4)
  2 orcs (D:6)
10 creatures vanquished.

Vanquished Creatures (others)
  A rat (D:2)
1 creature vanquished.

Grand Total: 140 creatures vanquished

Notes
Turn   | Place    | Note
-------+----------+-------------------------------------------
     0 | D:1      | coolio the Demonspawn Fighter began the quest for the Orb.
     0 | D:1      | Reached XP level 1. HP: 18/18 MP: 1/1
    70 | D:1      | Gained mutation: A weak demonic guardian rushes to your aid. [demonic ancestry]
    70 | D:1      | Reached XP level 2. HP: 19/24 MP: 2/2
   614 | D:1      | Gained mutation: When seriously injured, your bleeding wounds create armour. (AC +6) [demonic ancestry]
   614 | D:1      | Reached XP level 3. HP: 29/29 MP: 3/3
  1099 | D:2      | Gained mutation: You are immune to rotting. [demonic ancestry]
  1099 | D:2      | Reached XP level 4. HP: 29/35 MP: 4/4
  1908 | D:3      | Reached XP level 5. HP: 42/42 MP: 5/5
  1993 | D:3      | Found a sacrificial altar of Ru.
  2201 | D:4      | Noticed an ogre
  2224 | D:4      | Killed an ogre
  2297 | D:4      | Found a burning altar of Makhleb.
  2302 | D:4      | Noticed a balrug
  2306 | D:4      | Noticed an orange demon
  2306 | D:4      | Noticed a hellwing
  2308 | D:4      | Became a worshipper of Makhleb the Destroyer
  2363 | D:4      | Reached XP level 6. HP: 36/48 MP: 6/6
  2518 | D:4      | Reached skill level 1 in Invocations
  2932 | D:4      | Gained mutation: You have a pair of small antennae on your head. [demonic ancestry]
  2932 | D:4      | Reached XP level 7. HP: 48/55 MP: 8/8
  3035 | D:4      | Reached skill level 5 in Armour
  3638 | D:5      | Entered Level 5 of the Dungeon
  3972 | D:5      | Reached skill level 5 in Fighting
  4238 | D:5      | Reached * piety under Makhleb
  4402 | D:5      | Reached skill level 5 in Axes
  4704 | D:5      | Reached XP level 8. HP: 59/62 MP: 10/10
  4742 | D:6      | Found an ancient bone altar of Kikubaaqudgha.
  4742 | D:6      | Found a radiant altar of Vehumet.
  4742 | D:6      | Found a white marble altar of Elyvilon.
  4742 | D:6      | Found a hide-covered altar of Uskayaw.
  5571 | D:6      | Found a staircase to the Ecumenical Temple.
  6274 | D:6      | Found a sparkling altar of Nemelex Xobeh.
  6687 | D:6      | Killed from afar by an orc priest

Skill      XL: |  1  2  3  4  5  6  7  8 |
---------------+-------------------------+-----
Axes           | 2 3 4 5 6 |  6.1
Armour         | 3 4 5 6 |  6.5
Fighting       | 4 5 |  5.8
Invocations    | 1 3 4 |  4.7
Shields        | |  2.6

Action                   |  1- 3 |  4- 6 |  7- 9 || total
-------------------------+-------+-------+-------++-------
Melee: War axe           |   126 |   166 |   215 ||   507
       Broad axe         |       |       |    39 ||    39
Evoke: Wand              |       |       |     1 ||     1
  Use: Scroll            |       |       |    12 ||    12
       Potion            |       |       |     2 ||     2
 Stab: Distracted        |       |     2 |     2 ||     4
  Eat: Chunk             |     1 |     6 |    11 ||    18
Armor: Scale mail        |    82 |   102 |   121 ||   305
Dodge: Dodged            |    82 |    99 |   118 ||   299
